 Dungeon Crawl Stone Soup version 0.29.1-4-g47bece8355 (webtiles) character file.

Game seed: 472792504112239280

84 concernfroge the Trooper (level 4, -5/39 HPs)
             Began as a Mummy Monk on Dec 4, 2022.
             Slain by a gnoll
             ... wielding a +0 flail
              (6 damage)
             ... on level 3 of the Dungeon.
             The game lasted 00:04:20 (2105 turns).

concernfroge the Trooper (Mummy Monk)               Turns: 2105, Time: 00:04:21

Health: -5/39      AC:  7    Str: 16    XL:     4   Next: 23%
Magic:  4/4        EV: 11    Int: 13    God:
Gold:   50         SH:  0    Dex: 14    Spells: 3/3 levels left

rFire   x . .      SeeInvis .   d - +0 trident
rCold   + . .      Faith    .   (no shield)
rNeg    + + +      Spirit   .   i - +1 ring mail "Irep Zanui" {Int+4}
rPois   ∞          Reflect  .   (no helmet)
rElec   .          Harm     .   (no cloak)
rCorr   .          Rampage  .   (no gloves)
Will    .....                   h - +0 pair of boots
Stlth   +.........              (no amulet)
HPRegen 0.13/turn               (no ring)
MPRegen 0.09/turn               (no ring)

@: no status effects
A: cold resistance 1, negative energy resistance 3, torment resistance 2, heat
vulnerability 1, in touch with death 1, no potions
a: no special abilities


You were on level 3 of the Dungeon.
You visited 1 branch of the dungeon, and saw 3 of its levels.

You collected 50 gold pieces.

Inventory:

Hand Weapons
 d - a +0 trident (weapon)
Armour
 h - a +0 pair of boots (worn)
 i - the +1 ring mail "Irep Zanui" (worn) {Int+4}
   (You found it on level 2 of the Dungeon)

   Int:       It affects your intelligence (+4).
Scrolls
 a - a scroll of magic mapping
 c - a scroll of poison


   Skills:
 + Level 5.1 Fighting
 - Level 2.4 Polearms
 - Level 2.4 Dodging
 - Level 1.5 Stealth


You had 3 spell levels left.
You didn't know any spells.
Your spell library was empty.

Dungeon Overview and Level Annotations

Branches:
Dungeon (3/15)

Altars:
Sif Muna

Shops:
D:1 *

Annotations:
D:3 Robin


Innate Abilities, Weirdness & Mutations

You are immune to poison.
Your flesh is cold resistant. (rC+)
You are immune to negative energy. (rN+++)
You are immune to unholy pain and torment.
You are vulnerable to heat. (rF-)
You are in touch with the powers of death.
You do not drink.


Message History

The gnoll hits you with a +0 whip. The gnoll misses you. x2
Reach: d) +0 trident
Press: ? - help, Dir - move target, f/p - gnoll
Aim: a gnoll, wielding a +0 halberd (almost dead, about 36% to evade your +0 trident)
The gnoll is in the way.
The gnoll shouts!
You puncture the gnoll!
The gnoll is heavily wounded.
The gnoll barely misses you. The gnoll hits you but does no damage.
Reach: d) +0 trident
Press: ? - help, Dir - move target, f/p - gnoll
Aim: a gnoll, wielding a +0 halberd (almost dead, about 36% to evade your +0 trident)
The gnoll is in the way.
You closely miss the gnoll.
The gnoll is heavily wounded.
The gnoll hits you from afar with a +0 halberd!
The gnoll closely misses you.
As you read the scroll labelled OSTROL KOERPHI, it crumbles to dust.
It is a scroll of amnesia.
You feel forgetful for a moment. The gnoll barely misses you.
The gnoll hits you with a +0 whip. The gnoll hits you with a +0 flail!
* * * LOW HITPOINT WARNING * * *
As you read the scroll labelled PUILOT ZECKYIBB, it crumbles to dust.
The creatures around you are filled with an inner flame!
It was a scroll of immolation.
The gnoll closely misses you. x2
The gnoll hits you with a +0 flail.
* * * LOW HITPOINT WARNING * * *
Reach: d) +0 trident
Press: ? - help, Dir - move target, f/p - gnoll
Aim: a gnoll, wielding a +0 halberd (almost dead, inner flame, about 36% to evade your +0 trident)
Okay, then.
As you read the scroll labelled MIRCHO YNIHA, it crumbles to dust.
Wisps of shadow whirl around you...
It was a scroll of summoning.
The gnoll closely misses you. The gnoll hits you but does no damage.
The gnoll misses you.
As you read the scroll labelled XOCVOILYQERE, it crumbles to dust.
It is a scroll of identify.
a - a scroll of magic mapping The gnoll barely misses you.
The gnoll closely misses you. The gnoll hits you with a +0 flail.
You die...

### ##### .
##@###.#.#### ###.
#gg#.#.#.#.8###....
##wg.........#.!...
#...........gg..g.
#.#.#.#.#.8##.###.
#8###8#_#_###.g...
### #######....##.
........g.#
....####.#.#


You could see 3 gnolls and a friendly worm (summoned).

Vanquished Creatures
  2 adders
  2 dart slugs
  An orc (D:3)
  3 ball pythons (D:2)
  7 bats
  4 endoplasms (D:1)
  2 giant cockroaches
  11 goblins
  7 hobgoblins
  3 jackals (D:2)
  6 kobolds
  A quokka (D:1)
  4 rats
53 creatures vanquished.

Notes
Turn   | Place    | Note
-------+----------+-------------------------------------------
     0 | D:1      | concernfroge the Mummy Monk began the quest for the Orb.
     0 | D:1      | Reached XP level 1. HP: 18/18 MP: 1/1
   201 | D:1      | Reached XP level 2. HP: 21/24 MP: 2/2
   305 | D:1      | You fall into a shaft and drop 1 floor!
   398 | D:1      | Found Luta's Assorted Antiques.
   643 | D:1      | Reached skill level 4 in Fighting
  1300 | D:2      | Gained mutation: You are in touch with the powers of death.
                  | [Mummy growth]
  1300 | D:2      | Reached XP level 3. HP: 26/30 MP: 3/3
  1534 | D:2      | Identified the +1 ring mail "Irep Zanui" {Int+4}
  1923 | D:3      | Noticed Robin
  1982 | D:3      | Reached XP level 4. HP: 36/38 MP: 4/4
  1986 | D:3      | Reached skill level 5 in Fighting
  2080 | D:3      | Found a shimmering blue altar of Sif Muna.
  2103 | D:3      | HP: 1/39 [gnoll/+0 flail (4)]
  2105 | D:3      | Slain by a gnoll

Illustrated notes

Levels and vault maps discovered:
D:1:      sevenhm_arrival_forest_fort_small_4, layout_basic, serial_shops, shop
D:2:      layout_basic, minmay_splitting_lines, minmay_misc_feat_hallway
D:3:      layout_loops_ring, minitemple, portal_sewer_entry_e,
          hangedman_decor_peaks_small, uniq_robin

Skill      XL: |  1  2  3  4 |
---------------+-------------+-----
Fighting       | 4 5 |  5.1
Polearms       | |  2.4
Dodging        | |  2.4
Stealth        | |  1.5

Action                   |  1- 3 |  4- 6 || total
-------------------------+-------+-------++-------
Melee: Spear             |    19 |       ||    19
       Trident           |   119 |    28 ||   147
       Punch             |     1 |     1 ||     2
  Use: Scroll            |     1 |     4 ||     5
 Stab: Sleeping          |     7 |       ||     7
Armor: Robe              |     8 |       ||     8
       Leather armour    |    12 |       ||    12
       Ring mail         |    29 |    18 ||    47
Dodge: Dodged            |    84 |    38 ||   122
